 Dungeon Crawl Stone Soup version 0.30-a0-860-g512cf1e979 (webtiles) character file.

Game seed: 10505647432810191883

52141 Kiciri the Devastator (level 14, -3/74 HPs)
             Began as a Deep Elf Conjurer on Mar 7, 2023.
             Was a High Priest of Vehumet.
             Slain by a boulder beetle (48 damage)
             ... on level 10 of the Dungeon.
             The game lasted 01:07:38 (22701 turns).

Kiciri the Devastator (Deep Elf Conjurer)          Turns: 22701, Time: 01:07:38

Health: -3/74      AC:  6    Str:  7    XL:     14   Next: 26%
Magic:  16/36      EV: 12    Int: 37    God:    Vehumet [*****.]
Gold:   1880       SH:  0    Dex:  8    Spells: 16/45 levels left

rFire   . . .      SeeInvis +    a - +4 short sword "Juwun" {heavy, rElec Int+6 Dex-5}
rCold   . . .      Faith    .    (no shield)
rNeg    + . .      Spirit   .    e - +0 troll leather armour {Pargi}
rPois   +          Reflect  .    (no helmet)
rElec   +          Rampage  .    (no cloak)
rCorr   .                        B - +0 pair of gloves {Str+3}
Will    ++...                    H - +0 pair of boots
Stlth   ++++                     (no amulet)
HPRegen 1.12/turn                U - ring of Deiruxudgh {rPois rN+ Will+ SInv}
MPRegen 0.25/turn                P - ring "Poadoufic" {Fly Int+2 Stlth+}

@: flying, studying Short Blades
A: no striking features
a: Renounce Religion


You were on level 10 of the Dungeon.
You worshipped Vehumet.
Vehumet was extremely pleased with you.
You visited 3 branches of the dungeon, and saw 17 of its levels.
You also visited: Sewer, Gauntlet and Volcano.

You collected 1880 gold pieces.

Inventory:

Hand Weapons
 a - the +4 short sword "Juwun" (weapon) {heavy, rElec Int+6 Dex-5}
   (You found it on level 6 of the Dungeon)

   Int:       It affects your intelligence (+6).
   Dex:       It affects your dexterity (-5).
   rElec:     It insulates you from electricity.
 b - a +1 sling of draining
 c - a +2 spear of venom
 g - the +6 dagger of Peace {drain, rPois rF- Int+4 Dex+6}
   (You found it on level 1 of the Lair of Beasts)

   Int:       It affects your intelligence (+4).
   Dex:       It affects your dexterity (+6).
   rF:        It makes you vulnerable to fire.
   rPois:     It protects you from poison.
Missiles
 E - 2 throwing nets
 M - 5 silver javelins
Armour
 d - a +0 buckler
 e - a +0 troll leather armour (worn) {Pargi}
 B - a +0 pair of gloves of strength (worn)
 H - a +0 pair of boots (worn)
 I - a +1 leather armour of cold resistance
 X - a +3 leather armour of willpower
Magical Staves
 n - a staff of fire
Jewellery
 r - a ring of ice
 v - a ring of protection from fire
 P - the ring "Poadoufic" (right hand) {Fly Int+2 Stlth+}
   (You found it in a Gauntlet)

   [ring of flight]

   Int:       It affects your intelligence (+2).
   Fly:       It grants you flight.
   Stlth:     It makes you more stealthy.
 U - the ring of Deiruxudgh (left hand) {rPois rN+ Will+ SInv}
   (You found it in a Gauntlet)

   [ring of willpower]

   rPois:     It protects you from poison.
   rN:        It protects you from negative energy.
   SInv:      It lets you see invisible.
   Will:      It increases your willpower.
 W - a ring of resist corrosion
Wands
 u - a wand of quicksilver (9)
 w - a wand of roots (17)
 L - a wand of digging (6)
 T - a wand of mindburst (11)
 Y - a wand of paralysis (9)
Scrolls
 f - 5 scrolls of torment {!r}
 i - a scroll of silence
 j - a scroll of blinking
 p - 9 scrolls of teleportation
 q - 4 scrolls of fog
 x - 2 scrolls of poison {!r}
 y - 3 scrolls of vulnerability {!r}
 N - 4 scrolls of summoning
 Q - 3 scrolls of fear
 R - 3 scrolls of immolation {!r}
Potions
 h - 5 potions of haste
 k - 6 potions of brilliance
 l - 3 potions of magic
 o - 4 potions of curing
 t - 2 potions of berserk rage
 z - a potion of ambrosia
 C - 2 potions of degeneration {unknown}
 D - 5 potions of might
 F - 4 potions of attraction {unknown}
 G - 4 potions of resistance {unknown}
 K - a potion of heal wounds
Miscellaneous
 m - a box of beasts
 J - a lightning rod (4/4)
 Z - a phial of floods


   Skills:
 - Level 3.0 Fighting
 - Level 0.2 Short Blades
 - Level 6.0 Staves
 - Level 6.0 Dodging
 - Level 6.0 Stealth
 + Level 0.0 Shields
 + Level 16.1 Spellcasting
 + Level 18.6 Conjurations
 - Level 6.0 Hexes
 - Level 6.0 Translocations
 + Level 3.0 Fire Magic
 + Level 4.6 Air Magic
 - Level 6.0 Evocations


You had 16 spell levels left.
You knew the following spells:

 Your Spells              Type           Power      Damage    Failure   Level
a - Magic Dart            Conj           100%       1d8       0%          1
b - Iskenderun's Battles  Conj           100%       2d15      0%          5
c - Fulminant Prism       Conj/Hex       44%        3d19      1%          4
d - Iskenderun's Mystic   Conj/Tloc      88%        2d17      1%          4
e - Orb of Destruction    Conj           53%        9d13      1%          7
f - Searing Ray           Conj           100%       2d8       0%          2
A - Apportation           Tloc           100%       N/A       1%          1
Y - Yara's Violent Unrav  Hex/Tmut       25%        3d11      4%          5

Your spell library contained the following spells:

 Spells                   Type           Power      Damage    Failure   Level
 Shock                    Conj/Air       100%       1d9       0%          1
 Kiss of Death            Conj/Necr      100%       2d13      1%          1
 Necrotise                Necr           100%       1d9       1%          1
 Summon Small Mammal      Summ           100%       N/A       1%          1
 Cigotuvi's Dreadful Rot  Necr/Pois/Air  82%        N/A       1%          2
 Dazzling Flash           Conj/Hex       100%       N/A       1%          3
 Ignite Poison            Fire/Tmut/Pois 37%        N/A       1%          3
 Inner Flame              Hex/Fire       58%        N/A       1%          3
 Kindle Blastsparks       Fire/Tloc/Air  100%       2d18      1%          3
 Stone Arrow              Conj/Erth      100%       3d13      1%          3
 Swiftness                Air            59%        N/A       1%          3
 Airstrike                Air            29%        2d(5-21)  1%          4
 Cause Fear               Hex            32%        N/A       1%          4
 Sticky Flame             Conj/Fire      83%        2d9       1%          4
 Freezing Cloud           Conj/Ice/Air   36%        6-21      1%          5
 Lightning Bolt           Conj/Air       43%        1d62      1%          5
 Vampiric Draining        Necr           29%        2d8       5%          3
 Metabolic Englaciation   Hex/Ice        25%        N/A       14%         5
 Animate Armour           Summ/Erth      58%        N/A       17%         4
 Dispel Undead            Necr           29%        3d13      17%         4
 Petrify                  Tmut/Erth      29%        N/A       17%         4
 Agony                    Necr           29%        N/A       43%         5
 Lehudib's Crystal Spear  Conj/Erth      39%        10d10     50%         8
 Death Channel            Necr           14%        N/A       95%         6
 Statue Form              Tmut/Erth      19%        N/A       95%         6
 Ignition                 Fire           25%        3d9       99%         8
 Fire Storm               Conj/Fire      41%        8d11      99%         9
 Discord                  Hex            32%        N/A       100%        8


Dungeon Overview and Level Annotations

Branches:
Dungeon (11/15)            Temple (1/1) D:7            Lair (5/5) D:8
 Shoals (0/4) Lair:2        Snake (0/4) Lair:3        Slime (0/5) Lair:4
  Sewer (visited)         Volcano (visited)         Gauntlet (visited)
    Orc: D:9-12

Altars:
Ashenzari
Cheibriados
Dithmenos
Elyvilon
Fedhas
Gozag
Hepliaklqana
Kikubaaqudgha
Makhleb
Nemelex Xobeh
Okawaru
Qazlal
Ru
Sif Muna
Trog
Uskayaw
Vehumet
Wu Jian
Xom
Yredelemnul
Zin
The Shining One
Jiyva

Shops:
D:3 =   D:10 :

Annotations:
D:11 1 runed translucent door
Lair:3 1 exclusion
Lair:4 exclusion: oklob plant


Message History

The mystic blast hits the boulder beetle!!
The boulder beetle is severely wounded.
The boulder beetle is knocked back by the mystic blast.
Your battlesphere fires!
The barrage of energy hits the boulder beetle!
The boulder beetle is almost dead.
Casting: Iskenderun's Mystic Blast (safe; 1% risk of failure)
Confirm with . or Enter, or press ? or * to list all spells.
Aiming: Magic Dart (safe; 0% risk of failure)
Press: ? - help, Shift-Dir - straight line, f/p - boulder beetle
Aim: a boulder beetle (almost dead, ally target, 100% to hit)
The magic dart hits the boulder beetle but does no damage.
The boulder beetle is almost dead.
Your battlesphere fires!
The barrage of energy hits the boulder beetle.
The boulder beetle is almost dead.
The boulder beetle curls into a ball and begins rolling!
Casting: Magic Dart (safe; 0% risk of failure)
Confirm with . or Enter, or press ? or * to list all spells.
Aiming: Magic Dart (safe; 0% risk of failure)
Press: ? - help, Shift-Dir - straight line, f/p - boulder beetle
Aim: a boulder beetle (almost dead, rolling, ally target, 100% to hit)
The magic dart hits the boulder beetle but does no damage.
The boulder beetle is almost dead.
Your battlesphere fires!
The barrage of energy hits the boulder beetle but does no damage.
The boulder beetle is almost dead.
Casting: Magic Dart (safe; 0% risk of failure)
Confirm with . or Enter, or press ? or * to list all spells.
Aiming: Magic Dart (safe; 0% risk of failure)
Press: ? - help, Shift-Dir - straight line, f/p - boulder beetle
Aim: a boulder beetle (almost dead, rolling, ally target, 100% to hit)
The magic dart hits the boulder beetle but does no damage.
The boulder beetle is almost dead.
Your battlesphere fires!
The barrage of energy hits the boulder beetle but does no damage.
The boulder beetle is almost dead.
The boulder beetle hits you!!!
Ouch! That really hurt!
You die...

#.##.##......# #.#..# #...##
#........##.#####.#..## #...##
####.###..........#...## ##.###
#.......##...........#.# #.# #
#.#####.##.......*...#.# #.# #
##.# #.##........°..#.# #.# #
...# #..........°....## ##.###
##.# #.##......B###.## #.....
#.#####.##.....@.###.## #..###
#.......##....[..##...#####..###
####.########....##............#
#.# ####.##...#####..#.# #.#####
#.##########..#.# # #.....##
#.............#.# ########...##
############.##.#
............####### #.##.#
########..........# #######.##.#


You could see a boulder beetle (rolling, ally target) and a friendly
battlesphere.

Vanquished Creatures
  A minotaur (Gauntlet)
  A fire dragon (Volcano)
  6 hydras
  3 boulder beetles (Lair:3)
  5 death yaks
  A catoblepas (Lair:5)
  A two-headed ogre (D:8)
  A tengu warrior (Gauntlet)
  A skyshark (Lair:3)
  Amaemon (Lair:2)
  Pikel (D:6)
  6 lindwurms
  2 manticores (Lair:5)
  A wolf spider (D:10)
  10 black mambas
  2 smoke demons
  A torpor snail (Lair:5)
  An orange demon (Lair:2)
  13 cane toads
  A minotaur zombie (Gauntlet)
  A hellion (Gauntlet)
  5 rime drakes
  2 tengu conjurers (Gauntlet)
  6 komodo dragons
  A troll (D:10)
  7 dream sheep
  21 blink frogs
  A snapping turtle (Lair:2)
  4 shadows
  Sigmund (D:4)
  35 yaks
  3 wyverns
  5 basilisks
  9 steam dragons
  16 water moccasins
  5 hell hounds (Volcano)
  6 orc warriors
  An ice beast (D:6)
  Pargi (Sewer)
  7 black bears
  15 wolves
  2 centaurs
  6 ogres
  4 lemures (D:6)
  4 kobold brigands (D:11)
  9 bullfrogs
  4 gnoll sergeants
  3 scorpions
  18 wights
  20 killer bees
  2 howler monkeys (D:10)
  6 crimson imps (D:7)
  4 gnoll boudas
  3 jellies
  4 hounds
  9 orc priests
  A sleepcap (D:6)
  2 iguanas (D:5)
  9 orc wizards
  A hell rat (Lair:3)
  19 gnolls
  13 adders
  3 shadow imps
  4 white imps
  2 worms
  2 dart slugs
  26 orcs
  11 ball pythons
  10 endoplasms
  2 giant cockroaches
  4 goblins
  10 hobgoblins
  9 jackals
  5 quokkas
  10 bats
  6 frilled lizards
  5 kobolds
  8 rats
471 creatures vanquished.

Vanquished Creatures (others)
  133 fulminant prisms
  43 fungi
  62 plants
  A withered plant (Gauntlet)
239 creatures vanquished.

Grand Total: 710 creatures vanquished

Notes
Turn   | Place    | Note
-------+----------+-------------------------------------------
     0 | D:1      | Kiciri the Deep Elf Conjurer began the quest for the Orb.
     0 | D:1      | Reached XP level 1. HP: 10/10 MP: 6/6
   229 | D:1      | Reached XP level 2. HP: 15/15 MP: 4/8
   232 | D:1      | Learned a level 2 spell: Searing Ray
   485 | D:1      | Reached skill level 5 in Conjurations
   873 | D:1      | Reached XP level 3. HP: 19/19 MP: 8/10
  1150 | D:2      | Found a sparkling altar of Nemelex Xobeh.
  1609 | D:2      | Reached XP level 4. HP: 17/24 MP: 8/12
  2553 | D:3      | Found a hide-covered altar of Uskayaw.
  2787 | D:3      | Learned a level 4 spell: Fulminant Prism
  2792 | D:3      | Learned a level 4 spell: Iskenderun's Mystic Blast
  2932 | D:3      | Reached skill level 6 in Conjurations
  3194 | D:3      | Reached XP level 5. HP: 28/28 MP: 9/13
  3267 | D:3      | Found Yghimeku's Jewellery Shoppe.
  3294 | D:3      | Reached skill level 1 in Hexes
  3767 | D:4      | Reached skill level 1 in Translocations
  4333 | D:4      | Reached XP level 6. HP: 10/32 MP: 6/15
  4567 | D:4      | Noticed Sigmund
  4575 | D:4      | Reached skill level 5 in Spellcasting
  4580 | D:4      | Killed Sigmund
  4581 | D:4      | Reached skill level 7 in Conjurations
  4719 | D:4      | You fall into a shaft and drop 2 floors!
  4748 | D:6      | Reached XP level 7. HP: 36/36 MP: 10/17
  4784 | D:6      | Found a snail-covered altar of Cheibriados.
  5080 | D:6      | Reached skill level 8 in Conjurations
  5252 | D:6      | Noticed a steam dragon
  5430 | D:6      | Noticed a steam dragon
  5464 | D:6      | Reached skill level 9 in Conjurations
  5478 | D:6      | Killed a steam dragon
  5479 | D:6      | Reached XP level 8. HP: 41/41 MP: 1/19
  5609 | D:6      | Identified the +4 short sword "Juwun" {heavy, rElec Int+6
                  | Dex-5}
  5639 | D:6      | Noticed Pikel
  5678 | D:6      | Killed Pikel
  5859 | D:6      | Reached skill level 5 in Hexes
  5898 | D:5      | Entered Level 5 of the Dungeon
  5928 | D:5      | Found a shimmering blue altar of Sif Muna.
  5978 | D:5      | Found an iron altar of Okawaru.
  6045 | D:5      | Found a glowing drain.
  6062 | Sewer    | Entered a sewer
  6193 | Sewer    | Noticed Pargi
  6198 | Sewer    | Killed Pargi
  6467 | D:5      | Found a blossoming altar of Fedhas.
  6743 | D:5      | Reached skill level 5 in Translocations
  6858 | D:5      | Reached XP level 9. HP: 45/45 MP: 14/22
  7313 | D:6      | Reached skill level 10 in Conjurations
  7829 | D:6      | Found a white marble altar of Elyvilon.
  8022 | D:7      | Found a staircase to the Ecumenical Temple.
  8041 | Temple   | Entered the Ecumenical Temple
  8069 | Temple   | Became a worshipper of Vehumet
  8591 | D:7      | Reached skill level 11 in Conjurations
  8765 | D:7      | Reached * piety under Vehumet
  8765 | D:7      | Offered knowledge of Foxfire by Vehumet.
  9354 | D:7      | Reached skill level 12 in Conjurations
  9620 | D:8      | Reached XP level 10. HP: 50/50 MP: 17/25
  9924 | D:8      | Found a staircase to the Lair.
 10152 | D:8      | Found a shadowy altar of Dithmenos.
 10230 | D:8      | Offered knowledge of Scorch by Vehumet.
 10230 | D:8      | Reached ** piety under Vehumet
 10231 | D:8      | Reached skill level 10 in Spellcasting
 10247 | D:8      | Noticed a two-headed ogre
 10389 | D:8      | Learned a level 1 spell: Apportation
 10608 | D:8      | Found a sacrificial altar of Ru.
 10959 | D:8      | Killed a two-headed ogre
 10960 | D:8      | Reached skill level 13 in Conjurations
 11683 | D:9      | Offered knowledge of Hailstorm by Vehumet.
 12083 | D:9      | Reached skill level 14 in Conjurations
 12090 | D:9      | Reached *** piety under Vehumet
 12273 | D:10     | Entered Level 10 of the Dungeon
 12276 | D:10     | Reached XP level 11. HP: 54/54 MP: 23/29
 12339 | D:10     | Found a bloodstained altar of Trog.
 12388 | D:10     | Found Oqoeczoc's Vocational Training.
 12424 | D:10     | Noticed a wolf spider
 12429 | D:10     | Killed a wolf spider
 12794 | D:10     | Found a hazy altar of Hepliaklqana.
 12802 | D:10     | Offered knowledge of Olgreb's Toxic Radiance by Vehumet.
 12932 | D:10     | Reached skill level 15 in Conjurations
 13220 | D:11     | Noticed a skeletal warrior
 13220 | D:11     | Noticed a harpy
 13220 | D:11     | Found a runed translucent door.
 13239 | D:11     | Identified the +2 dagger of Supply {drain, rC+ rCorr}
 13239 | D:11     | Noticed a centaur warrior
 13241 | D:11     | Noticed a boulder beetle
 13437 | D:11     | Reached skill level 1 in Evocations
 13574 | D:10     | Reached skill level 1 in Fighting
 13574 | D:10     | Reached skill level 1 in Staves
 13613 | D:11     | Identified the +9 battleaxe of Gasmeig {pain, Will+ rCorr
                  | Int-5}
 13675 | Lair:1   | Entered Level 1 of the Lair of Beasts
 13677 | Lair:1   | Reached **** piety under Vehumet
 13835 | Lair:1   | Offered knowledge of Frozen Ramparts by Vehumet.
 13972 | D:8      | Identified a scroll of acquirement
 13972 | D:8      | Acquired the Encyclopedia of Battling
 13980 | D:8      | Learned a level 5 spell: Iskenderun's Battlesphere
 13988 | D:8      | Learned a level 7 spell: Orb of Destruction
 14014 | Lair:1   | Identified the +6 dagger of Peace {drain, rPois rF- Int+4
                  | Dex+6}
 14922 | Lair:1   | Found a hide-covered altar of Uskayaw.
 14982 | Lair:2   | Reached skill level 5 in Stealth
 14982 | Lair:2   | Reached XP level 12. HP: 64/64 MP: 22/30
 15266 | Lair:2   | Noticed Amaemon
 15269 | Lair:2   | Killed Amaemon
 15270 | Lair:2   | Reached skill level 5 in Dodging
 15439 | Lair:2   | Found a staircase to the Shoals.
 15708 | Lair:3   | Found a gate leading to a gauntlet.
 15728 | Gauntlet | Entered a Gauntlet
 15728 | Gauntlet | Found a transporter.
 15728 | Gauntlet | Found a transporter.
 15732 | Gauntlet | Found a transporter.
 15746 | Gauntlet | Found a transporter.
 15757 | Gauntlet | Found a transporter.
 15757 | Gauntlet | Noticed a tengu warrior
 15767 | Gauntlet | Found a transporter.
 15767 | Gauntlet | Found a transporter.
 15770 | Gauntlet | Found a transporter.
 15793 | Gauntlet | Found a transporter.
 15801 | Gauntlet | Found a transporter.
 15821 | Gauntlet | Found a transporter.
 15845 | Gauntlet | Found a transporter.
 15860 | Gauntlet | Found a transporter.
 15878 | Gauntlet | Found a transporter.
 15985 | Gauntlet | Found a transporter.
 15999 | Gauntlet | Found a transporter.
 16130 | Gauntlet | Killed a tengu warrior
 16162 | Gauntlet | Identified the ring of Deiruxudgh {rPois rN+ Will+ SInv}
 16186 | Gauntlet | Noticed a minotaur
 16196 | Gauntlet | Killed a minotaur
 16196 | Gauntlet | Reached ***** piety under Vehumet
 16301 | Gauntlet | Identified the ring "Poadoufic" {Fly Int+2 Stlth+}
 16427 | Lair:3   | Found a dark tunnel.
 16430 | Volcano  | Entered a volcano
 16451 | Volcano  | Reached skill level 5 in Staves
 16533 | Volcano  | Offered knowledge of Starburst by Vehumet.
 16534 | Volcano  | Reached skill level 16 in Conjurations
 17031 | Volcano  | Noticed a fire dragon
 17036 | Volcano  | Killed a fire dragon
 17331 | Lair:3   | You are sucked into a shaft and drop 2 floors!
 17331 | Lair:5   | Entered Level 5 of the Lair of Beasts
 17481 | Lair:4   | Reached XP level 13. HP: 68/68 MP: 27/33
 17869 | Lair:3   | Reached skill level 15 in Spellcasting
 18205 | Lair:3   | Reached skill level 17 in Conjurations
 19229 | Lair:3   | Reached skill level 18 in Conjurations
 19331 | Lair:3   | Identified the +6 mace of Honour {freeze, rF+}
 19374 | Lair:3   | Reached skill level 1 in Fire Magic
 19434 | Lair:3   | Reached skill level 1 in Air Magic
 20449 | Lair:4   | Found a staircase to the Slime Pits.
 20449 | Lair:4   | Found a viscous altar of Jiyva.
 21679 | Lair:5   | Reached skill level 5 in Evocations
 21693 | Lair:5   | Offered knowledge of Yara's Violent Unravelling by Vehumet.
 21694 | Lair:5   | Reached XP level 14. HP: 74/74 MP: 33/35
 21700 | Lair:5   | Learned a level 5 spell: Yara's Violent Unravelling
 22701 | D:10     | Slain by a boulder beetle

Illustrated notes

Levels and vault maps discovered:
D:1:      wheals_arrival_shading, layout_basic
D:2:      layout_basic, basic_altar, serial_forest, infiniplex_forest_corner_1,
          infiniplex_forest_clump_medium, infiniplex_forest_end_2,
          infiniplex_forest_lined_corner, infiniplex_forest_lined_room_2,
          infiniplex_forest_diagonal, infiniplex_forest_fountain,
          minmay_hexomino_c4
D:3:      layout_basic, nicolae_uskayaw_dance_hall, serial_shops,
          nicolae_shop_hallway_stairs
D:4:      layout_gridville, uniq_sigmund
D:5:      layout_rooms, fedhas_altar_fruit_tree, led_sif_pool,
          mainiacjoe_overflow_paths, cheibrodos_sewer_entry_drain,
          minmay_fractal_squares_5
D:6:      layout_basic, lemuel_doored_altar, general_overflow_altar,
          chequers_serial_rivers_room_b, minmay_manual_mess, uniq_pikel
D:7:      layout_basic, temple_pool_b, minmay_misc_feat_iff, minmay_nine_imps
D:8:      layout_loops_ring, pf_just_have_faith, hangedman_ru_absence,
          grunt_lair_entry_orc_guard_hut
D:9:      layout_roguey, minmay_misc_feat_enclosed, nicolae_fountain_basement
D:10:     layout_loops_ring, mainiacjoe_overflow_surrounded_room,
          nicolae_hepliaklqana_hazy_memory, nicolae_shop_vocational
D:11:     layout_basic, kennysheep_orc_monster_closet_entryway,
          portal_ice_cave_entry_ice_simulacra, moated_statue, minmay_st_funbox
Temple:   nicolae_temple_godzebo
Lair:1:   layout_cellular_growth, basic_altar, chequers_serial_rivers_micro_e,
          lemuel_fruit_fields
Lair:2:   layout_big_grid, minmay_shoals_entry_hut, uniq_amaemon
Lair:3:   nzn_winding_woodlands_huge [nzn_winding_woodlands_5x15_concentric,
          nzn_winding_woodlands_5x15_parted, nzn_winding_woodlands_5x15_garden,
          nzn_winding_woodlands_5x15_default, nzn_winding_woodlands_5x15_eye,
          nzn_winding_woodlands_5x15_twine, nzn_winding_woodlands_5x15_jagged,
          nzn_winding_woodlands_5x15_zeroes,
          nzn_winding_woodlands_5x15_sawtooth,
          nzn_winding_woodlands_5x15_pockets,
          nzn_winding_woodlands_center_diamonds,
          nzn_winding_woodlands_center_pierced_h,
          nzn_winding_woodlands_15x15_killbox], layout_hall_layers,
          nicolae_snake_entry_squirm, gauntlet_entry_generic,
          nicolae_volcano_entry_s_turn
Lair:4:   minmay_lair_oklob_tunnel, layout_cave_pods, slime_entry_1,
          lemuel_fruit_tree
Lair:5:   hangedman_lair_in_review, layout_long_grid

Skill      XL: |  1  2  3  4  5  6  7  8  9 10 11 12 13 14 |
---------------+-------------------------------------------+-----
Conjurations   | 5 6 7 9 12 14 15 16 18 | 18.6
Spellcasting   | 4 5 6 7 9 12 14 15 16 | 16.1
Hexes          | 2 3 5 6 |  6.0
Translocations | 1 2 3 5 6 |  6.0
Stealth        | 5 6 |  6.0
Evocations     | 3 5 6 |  6.0
Fighting       | 2 3 |  3.0
Staves         | 3 6 |  6.0
Dodging        | 4 6 |  6.0
Fire Magic     | 3 |  3.0
Air Magic      | 3 4 |  4.6
Short Blades   | |  0.2

Action                     |  1- 3 |  4- 6 |  7- 9 | 10-12 | 13-15 || total
---------------------------+-------+-------+-------+-------+-------++-------
  Melee: Whip              |    23 |    13 |       |       |       ||    36
         Spear             |       |       |    13 |       |       ||    13
         Short sword       |       |       |     9 |    13 |     2 ||    24
   Fire: Sling             |       |       |    13 |     5 |       ||    18
   Cast: Magic Dart        |    35 |    29 |     4 |   110 |   216 ||   394
         Searing Ray       |    15 |    25 |    31 |     4 |     2 ||    77
         Iskenderun's Myst |       |     3 |    18 |    87 |    25 ||   133
         Fulminant Prism   |       |     2 |    49 |    59 |    23 ||   133
         Iskenderun's Batt |       |       |       |    25 |    52 ||    77
         Orb of Destructio |       |       |       |    17 |     4 ||    21
         Apportation       |       |       |       |     1 |     1 ||     2
    Use: Scroll            |       |     7 |     7 |     9 |     1 ||    24
         Potion            |       |     4 |     1 |     6 |     2 ||    13
   Stab: Sleeping          |       |     1 |     1 |       |       ||     2
 Armour: Robe              |     4 |    11 |     5 |       |       ||    20
         Troll leather arm |       |       |     4 |    17 |    13 ||    34
  Dodge: Dodged            |    21 |    35 |    31 |    70 |    33 ||   190

Table legend: (Time is in decaauts)
 A = Elapsed time spent in this place.
 B = Non-inter-level travel time spent in this place.
 C = Inter-level travel time spent in this place.
 D = Time resting spent in this place.
 E = Time spent auto-exploring this place.
 F = Levels seen in this place.
 G = Mean time per level.
                   A        B        C        D        E       F      G
               +--------+--------+--------+--------+--------+-----+--------+
         Total |  22795 |  21110 |   1685 |   3175 |  12789 |  20 | 1139.8 |
       Dungeon |  13425 |  12532 |    893 |   1831 |   8055 |  11 | 1220.5 |
        Temple |     94 |     84 |     10 |      0 |     68 |   1 |   94.0 |
          Lair |   7456 |   6674 |    782 |    828 |   4330 |   5 | 1491.2 |
         Sewer |    389 |    389 |      0 |    100 |    210 |   1 |  389.0 |
       Volcano |    832 |    832 |      0 |    416 |    125 |   1 |  832.0 |
      Gauntlet |    597 |    597 |      0 |      0 |      0 |   1 |  597.0 |
               +--------+--------+--------+--------+--------+-----+--------+

Top non-repeatable levels by time:
  Lair:3: 2479 daAuts
     D:6: 2196 daAuts
     D:7: 1547 daAuts
     D:8: 1482 daAuts
  Lair:5: 1453 daAuts
  Lair:1: 1439 daAuts
     D:2: 1392 daAuts
     D:4: 1336 daAuts
  Lair:4: 1308 daAuts
    D:10: 1213 daAuts
     D:9: 1178 daAuts
     D:1: 1145 daAuts
     D:3: 1023 daAuts
 Volcano: 832 daAuts
     D:5: 788 daAuts
